 Dungeon Crawl Stone Soup version 0.31-a0-931-g7b59d4eb97 (webtiles) character file.

Game seed: 16197924183565708410

669 Persephone the Ruffian (level 7, -6/61 HPs)
             Began as a Troll Shapeshifter on Oct 19, 2023.
             Was a Follower of the Shining One.
             Mangled by a gnoll
             ... wielding a +0 flail
             ... led by a gnoll bouda
              (13 damage)
             ... on level 5 of the Dungeon.
             The game lasted 00:05:42 (2632 turns).

Persephone the Ruffian (Troll Shapeshifter)         Turns: 2632, Time: 00:05:43

Health: -6/61      AC:  4    Str: 25    XL:     7   Next: 32%
Magic:  6/6        EV:  9    Int:  6    God:    the Shining One [*.....]
Gold:   277        SH:  0    Dex:  9    Spells: 6/6 levels left

rFire   . .          .
                       - Unarmed
rCold   . . .        (no shield)
rNeg    . . .        a - +0 animal skin
rPois   .            (helmet currently unavailable)
rElec   .            (cloak currently unavailable)
rCorr   .            (gloves unavailable)
SInv    .            (boots unavailable)
Will    .....        (no amulet)
Stlth   +            (no ring)
HPRegen 1.10/turn    (no ring)
MPRegen 0.10/turn

%: no passive effects
@: beast-form, glowing
A: beast (slay +3), large, unfitting armour, claws 3, regeneration 1, shaggy fur
1, tough skin 1
a: Begin Untransformation, Renounce Religion, Divine Shield


You were on level 5 of the Dungeon.
You worshipped the Shining One.
The Shining One was aware of your devotion.
You were a hulking beast.
You visited 2 branches of the dungeon, and saw 6 of its levels.

You collected 277 gold pieces.

Inventory:

Armour
 a - a +0 animal skin (worn)
Jewellery
 k - a ring of magical power
Talismans
 c - a beast talisman (active)
 d - a flux talisman
Scrolls
 i - a scroll of fog
 j - 2 scrolls of identify {unknown}
 n - a scroll of brand weapon {unknown}
 p - a scroll of enchant weapon {unknown}
Potions
 b - a potion of lignification
 e - a potion of ambrosia {unknown}
 f - 3 potions of enlightenment {unknown}
 g - a potion of invisibility {unknown}
 h - 2 potions of brilliance {unknown}
 l - a potion of might {unknown}
 m - a potion of curing {unknown}
 o - a potion of attraction {unknown}


   Skills:
 - Level 0.7 Fighting
 - Level 1.5 Dodging
 + Level 6.4 Unarmed Combat
 + Level 6.0 Shapeshifting


You had 6 spell levels left.
You didn't know any spells.
Your spell library contained the following spells:

 Spells                   Type           Power      Damage    Failure   Level
 Sublimation of Blood     Necr           0%         N/A       58%         2
 Wereblood                Tmut           0%         N/A       58%         2
 Petrify                  Tmut/Erth      0%         N/A       99%         4
 Irradiate                Conj/Tmut      0%         3d11      100%        5
 Summon Hydra             Summ           0%         N/A       100%        7


Dungeon Overview and Level Annotations

Branches:
Dungeon (5/15)             Temple (1/1) D:4

Altars:
Ashenzari
Cheibriados
Dithmenos
Elyvilon
Fedhas
Hepliaklqana
Nemelex Xobeh
Okawaru
Qazlal
Ru
Vehumet
Xom
The Shining One

Shops:
D:4 :   D:5 [


Innate Abilities, Weirdness & Mutations

You are a hulking beast.
Your limbs bulge with bestial killing power. (Slay +3)
You are too large for most types of armour.
You have claws for hands.
Your natural rate of healing is unusually fast.
You are covered in fur. (AC +1)
You have tough skin. (AC +1)


Message History

There are monsters nearby!
You are held in a net!
You struggle against the net.
The adder hisses angrily.
You struggle against the net.
A gnoll bouda comes into view. It is wielding a +0 whip.
You tear a large gash into the net.
The gnoll bouda shouts!
A phantom comes into view.
A gnoll comes into view. It is wielding a +0 spear.
The gnoll bouda barks out a call to the hunt!
The gnolls pick up the pace!
You struggle against the net.
A bullfrog zombie comes into view.
The gnoll hits you with a +0 flail.
A gnoll comes into view. It is wielding a +0 whip.
You rip the net and break free!
The gnoll shouts!
A gnoll comes into view. It is wielding a +0 flail.
The gnoll hits you with a +0 flail!
A phantom comes into view.
The gnoll hits you with a +0 flail. The gnoll hits you but does no damage.
The gnoll barely misses you.
The phantom moves out of view.
You scratch the gnoll.
The gnoll is lightly wounded.
The gnoll hits you with a +0 flail.
You scratch the gnoll.
The gnoll is heavily wounded.
The gnoll hits you from afar with a +0 spear.
The gnoll hits you with a +0 flail.
You scratch the gnoll.
The gnoll is almost dead.
The gnoll hits you with a +0 flail!
The gnoll hits you from afar with a +0 spear!
* * * LOW HITPOINT WARNING * * *
The gnoll hits you with a +0 flail!
* * * LOW HITPOINT WARNING * * *
As you read the scroll labelled AJEYSTR PEURU, it dissolves into smoke.
It was a scroll of fog.
The gnoll hits you with a +0 flail!
You die...

########..###.#
##..........#.# .#
##..........#.## .#
##.............## .#
##..........#...##.##
##..........#.#.....##..
.#....†.......###§g.....
.............###ggg.....
...#########.##§h#....#.
..............§§## ..##
...#########.#### .#
..## #.# g. ...# #.# WW
...# ... . ...# ... ..##
#### §##


You could see 4 gnolls.

Vanquished Creatures
  Sigmund (D:2)
  2 scorpions
  A bullfrog zombie (D:5)
  A jelly (D:5)
  An orc priest (D:5)
  Jessica (D:2)
  A scorpion zombie (D:5)
  2 iguanas
  2 hound zombies (D:5)
  Robin (D:2)
  4 gnolls (D:4)
  4 adders
  A shadow imp (D:5)
  2 worms (D:2)
  3 orcs
  5 ball pythons
  4 bats
  9 endoplasms
  3 giant cockroaches
  16 goblins
  9 hobgoblins
  2 jackals (D:3)
  2 frilled lizards
  6 kobolds
  10 rats
93 creatures vanquished.

Notes
Turn   | Place    | Note
-------+----------+-------------------------------------------
     0 | D:1      | Persephone the Troll Shapeshifter began the quest for the
                  | Orb.
     0 | D:1      | Reached XP level 1. HP: 18/18 MP: 0/0
    52 | D:1      | Reached XP level 2. HP: 26/26 MP: 1/1
   643 | D:2      | Reached XP level 3. HP: 29/32 MP: 2/2
   714 | D:2      | Noticed Jessica
   726 | D:2      | Killed Jessica
   741 | D:2      | Noticed Sigmund
   765 | D:2      | Killed Sigmund
   766 | D:2      | Reached skill level 5 in Unarmed Combat
   766 | D:2      | Reached XP level 4. HP: 12/40 MP: 3/3
   766 | D:2      | Reached XP level 5. HP: 14/46 MP: 4/4
   817 | D:2      | Noticed Robin
   828 | D:2      | Killed Robin
   871 | D:2      | Found a stormy altar of Qazlal.
  1281 | D:3      | Identified the +6 dagger of Ystrosor {drain, *Noise rPois
                  | Dex+4 SInv}
  1287 | D:3      | Reached XP level 6. HP: 52/54 MP: 5/5
  1657 | D:3      | Reached skill level 5 in Shapeshifting
  1878 | D:4      | Found Kirrokun's Self-Improvement Boutique.
  1962 | D:4      | Found a staircase to the Ecumenical Temple.
  1973 | Temple   | Entered the Ecumenical Temple
  2133 | Temple   | Became a worshipper of the Shining One
  2451 | D:5      | Entered Level 5 of the Dungeon
  2459 | D:5      | Found Civo's Armour Shop.
  2496 | D:5      | Reached XP level 7. HP: 61/61 MP: 6/6
  2620 | D:5      | Reached * piety under the Shining One
  2632 | D:5      | Mangled by a gnoll

Illustrated notes

Levels and vault maps discovered:
D:1:      onia_arrival_handbag, layout_loops_ring, eino_curves_01
D:2:      layout_rooms, basic_altar, uniq_sigmund, uniq_jessica, uniq_robin
D:3:      layout_loops_ring, grunt_decor_one_mirror
D:4:      layout_basic, minmay_temple_entry_glass, nicolae_shop_self_help
D:5:      layout_rooms, serial_undead, serial_undead_e, serial_undead_b,
          serial_undead_a, serial_undead_f, serial_shops, nicolae_shop_stone,
          uniq_edmund
Temple:   nicolae_temple_figure_eight

Skill      XL: |  1  2  3  4  5  6  7 |
---------------+----------------------+-----
Unarmed Combat | 5 6 |  6.4
Shapeshifting  | 4 5 6 |  6.0
Fighting       | |  0.7
Dodging        | |  1.5

Action                     |  1- 3 |  4- 6 |  7- 9 || total
---------------------------+-------+-------+-------++-------
  Melee: Unarmed           |    84 |   119 |    25 ||   228
         Punch             |     3 |     2 |       ||     5
    Use: Scroll            |       |       |     1 ||     1
   Stab: Sleeping          |     1 |       |       ||     1
 Armour: Animal skin       |    48 |    74 |    27 ||   149
  Dodge: Dodged            |    19 |    55 |    12 ||    86

Table legend: (Time is in decaauts)
 A = Elapsed time spent in this place.
 B = Non-inter-level travel time spent in this place.
 C = Inter-level travel time spent in this place.
 D = Time resting spent in this place.
 E = Time spent auto-exploring this place.
 F = Levels seen in this place.
 G = Mean time per level.
                   A        B        C        D        E       F      G
               +--------+--------+--------+--------+--------+-----+--------+
         Total |   2611 |   2441 |    170 |      0 |   1844 |   6 |  435.2 |
       Dungeon |   2430 |   2331 |     99 |      0 |   1844 |   5 |  486.0 |
        Temple |    180 |    109 |     71 |      0 |      0 |   1 |  180.0 |
               +--------+--------+--------+--------+--------+-----+--------+

Top non-repeatable levels by time:
     D:3: 653 daAuts
     D:1: 631 daAuts
     D:2: 505 daAuts
     D:4: 462 daAuts
  Temple: 180 daAuts
     D:5: 177 daAuts
